 Dungeon Crawl Stone Soup version 0.30-a0-883-g5ad918d77d (webtiles) character file.

Game seed: 17276544150178109116

160 avis the Ruffian (level 4, -3/54 HPs)
             Began as a Demigod Transmuter on Mar 16, 2023.
             Killed from afar by an orc wizard (4 damage)
             ... with a magic dart
             ... on level 3 of the Dungeon.
             The game lasted 00:13:22 (2342 turns).

avis the Ruffian (Demigod Transmuter)               Turns: 2342, Time: 00:13:23

Health: -3/54      AC: 22    Str: 15    XL:     4   Next: 96%
Magic:  7/9        EV:  2    Int: 15    God:
Gold:   11         SH:  0    Dex: 14    Spells: 1/7 levels left

rFire   + . .      SeeInvis .      - Unarmed
rCold   + . .      Faith    .    (no shield)
rNeg    . . .      Spirit   .    a - melded +0 robe
rPois   +          Reflect  .    (helmet currently unavailable)
rElec   +          Rampage  .    (cloak currently unavailable)
rCorr   +          NoTele   +    (gloves currently unavailable)
Will    .....                    (boots currently unavailable)
Stlth   +                        i - amulet of regeneration
HPRegen 1.09/turn                (no ring)
MPRegen 0.11/turn                (no ring)

@: confused, brilliant, tree-form, resistant
A: stationary, stasis, torment immunity, boosted hp, high MP 1, forlorn, divine
attributes
a: no special abilities


You were on level 3 of the Dungeon.
You were a tree.
You visited 1 branch of the dungeon, and saw 3 of its levels.

You collected 60 gold pieces.
You spent 49 gold pieces at shops.

Inventory:

Hand Weapons
 b - a +0 arbalest
 g - a +0 war axe
Armour
 a - a +0 robe (melded)
Jewellery
 e - a ring of fire
 i - an amulet of regeneration (around neck)
Scrolls
 d - 2 scrolls of identify {unknown}
 f - a scroll of blinking {unknown}
 j - a scroll of fear {unknown}
 l - a scroll of enchant weapon {unknown}
Potions
 c - a potion of brilliance
 h - a potion of resistance


   Skills:
 - Level 2.0 Fighting
 - Level 2.0 Dodging
 - Level 2.0 Stealth
 - Level 4.0 Unarmed Combat
 - Level 2.0 Spellcasting
 * Level 2.1 Transmutations
 - Level 1.0 Poison Magic


You had one spell level left.
You knew the following spells:

 Your Spells              Type           Power      Damage    Failure   Level
a - Beastly Appendage     Tmut           22%        N/A       10%         1
e - Wereblood             Tmut           11%        N/A       14%         2
p - Spider Form           Tmut/Pois      9%         N/A       34%         3

Your spell library contained the following spells:

 Spells                   Type           Power      Damage    Failure   Level
 Ice Form                 Ice/Tmut       7%         N/A       82%         4


Dungeon Overview and Level Annotations

Branches:
Dungeon (3/15)

Shops:
D:3 *


Innate Abilities, Weirdness & Mutations

You are a tree.
Your roots penetrate the ground, keeping you stationary.
You cannot be teleported.
You are immune to unholy pain and torment.
Your maximum health is greatly increased.
Your equipment is partially melded.
You have an increased reservoir of magic. (+10% MP)
You shall have no god before yourself.
Your divine heritage dramatically boosts your attributes as you level up.


Message History

Your +0 robe melds into your body.
Your roots penetrate the ground.
The endoplasm freezes you.
You are frozen.
* * * LOW HITPOINT WARNING * * *
The orc wizard gestures at you while chanting.
You resist with some effort.
A rat comes into view.
Something hits you but does no damage.
You are constricted.
It was a potion of brilliance.
You feel clever all of a sudden.
The endoplasm hits you but does no damage.
The orc wizard mumbles some strange words.
The orc wizard flickers and vanishes!
Something hits you but does no damage.
You are constricted.
* * * LOW HITPOINT WARNING * * *
A dart slug comes into view.
The grasping roots release their grip on you.
It was a potion of resistance.
You feel protected.
The endoplasm hits you but does no damage.
You hear some strange, mumbled words.
A puff of flame appears from out of thin air!
The puff of flame hits you but does no damage.
You hear some strange, mumbled words.
You are confused.
Okay, then.
You cannot move. (Use ctrl+direction or * direction to attack while stationary and confused.)
You attack the rock wall.
The endoplasm freezes you.
You are frozen.
You resist.
* * * LOW HITPOINT WARNING * * *
Something hits you but does no damage. x2
You barely miss something. Something hits you but does no damage.
The endoplasm freezes you.
You are frozen.
You resist.
* * * LOW HITPOINT WARNING * * *
You hear some strange, mumbled words.
A magic dart appears from out of thin air!
The magic dart hits you.
You die...

#.. #)### ##..# ..
#w..### #...#...
#)....## #...#.^
#r.....###...†.
#l###..##....#
#o###...#....#
#{J##..†#....####.
#♣{...............
###########.######
#.###..) #.....##
#####.#. #.#. #.#.
#.#. #.#.


You could see a dart slug, an orc, an endoplasm, a frilled lizard and a rat.

Vanquished Creatures
  A phantom (D:3)
  An iguana (D:3)
  An adder (D:2)
  3 orcs (D:3)
  2 bats
  An endoplasm (D:1)
  2 giant cockroaches (D:2)
  6 goblins
  5 hobgoblins
  3 jackals (D:1)
  A quokka (D:1)
  6 ball pythons
  4 frilled lizards
  3 kobolds
  6 rats
45 creatures vanquished.

Notes
Turn   | Place    | Note
-------+----------+-------------------------------------------
     0 | D:1      | avis the Demigod Transmuter began the quest for the Orb.
     0 | D:1      | Reached XP level 1. HP: 15/15 MP: 5/5
    13 | D:1      | Reached skill level 1 in Fighting
   291 | D:1      | Reached XP level 2. HP: 23/24 MP: 5/7
   746 | D:1      | Reached skill level 3 in Unarmed Combat
  1381 | D:2      | Reached XP level 3. HP: 27/29 MP: 6/8
  1389 | D:1      | Learned a level 3 spell: Spider Form
  2033 | D:3      | Found Womiy's General Store.
  2054 | D:3      | Bought a +0 arbalest for 49 gold pieces
  2215 | D:3      | Noticed a phantom
  2244 | D:3      | Killed a phantom
  2245 | D:3      | Reached skill level 4 in Unarmed Combat
  2245 | D:3      | Reached XP level 4. HP: 30/36 MP: 5/9
  2301 | D:3      | Reached skill level 1 in Poison Magic
  2304 | D:3      | Learned a level 2 spell: Wereblood
  2339 | D:3      | HP: 1/54 [something (4)]
  2342 | D:3      | Killed from afar by an orc wizard

Illustrated notes

Levels and vault maps discovered:
D:1:      dpeg_arrival_leaves_temple_mockup, layout_basic, minmay_cut_off
D:2:      layout_basic
D:3:      minmay_recursive_quarters, layout_basic, serial_shops, shop,
          st_stairs_7, uniq_sigmund, uniq_pargi

Skill      XL: |  1  2  3  4 |
---------------+-------------+-----
Fighting       | 2 |  2.0
Unarmed Combat | 3 4 |  4.0
Dodging        | 2 |  2.0
Stealth        | 2 |  2.0
Spellcasting   | 2 |  2.0
Transmutations | 2 |  2.1
Poison Magic   | 1 |  1.0

Action                     |  1- 3 |  4- 6 || total
---------------------------+-------+-------++-------
  Melee: Unarmed           |   106 |    10 ||   116
         Kick              |    16 |     1 ||    17
         Headbutt          |     7 |     1 ||     8
         Punch             |     2 |       ||     2
   Fire: Arbalest          |     5 |     6 ||    11
   Cast: Beastly Appendage |    32 |     1 ||    33
         Spider Form       |     1 |     1 ||     2
    Use: Potion            |       |     3 ||     3
   Stab: Sleeping          |     1 |       ||     1
 Armour: Robe              |    11 |       ||    11
         Skin              |       |     8 ||     8
  Dodge: Dodged            |    60 |     7 ||    67

Table legend: (Time is in decaauts)
 A = Elapsed time spent in this place.
 B = Non-inter-level travel time spent in this place.
 C = Inter-level travel time spent in this place.
 D = Time resting spent in this place.
 E = Time spent auto-exploring this place.
 F = Levels seen in this place.
 G = Mean time per level.
                   A        B        C        D        E       F      G
               +--------+--------+--------+--------+--------+-----+--------+
         Total |   2344 |   2056 |    288 |    247 |   1335 |   3 |  781.3 |
       Dungeon |   2344 |   2056 |    288 |    247 |   1335 |   3 |  781.3 |
               +--------+--------+--------+--------+--------+-----+--------+

Top non-repeatable levels by time:
     D:1: 1475 daAuts
     D:2: 613 daAuts
     D:3: 255 daAuts
